 Dungeon Crawl Stone Soup version 0.27.1 (webtiles) character file.

Game seed: 15260519172171999779

3882 dtburroughs the Fighter (level 10, -3/136 HPs)
             Began as a Minotaur Berserker on Aug 22, 2021.
             Was an Elder of Trog.
             Killed from afar by a steam dragon (17 damage)
             ... with a ball of steam
             ... on level 8 of the Dungeon.
             The game lasted 00:13:00 (8298 turns).

dtburroughs the Fighter (Minotaur Berserker)        Turns: 8298, Time: 00:13:00

Health: -3/136     AC: 11    Str: 22    XL:     10   Next: 0%
Magic:  9/9        EV: 10    Int:  7    God:    Trog [****..]
Gold:   373        SH:  0    Dex: 10    Spells: 9/9 levels left

rFire    . . .     SeeInvis .   v - +0 war axe
rCold    . . .     Faith    .   (no shield)
rNeg     + . .     Spirit   .   p - +0 chain mail
rPois    .         Reflect  .   (helmet restricted)
rElec    .         Harm     .   (no cloak)
rCorr    .         Rampage  .   (no gloves)
Will     .....                  (no boots)
Stlth    ..........             (no amulet)
HPRegen  0.32/turn              y - ring of positive energy
MPRegen  0.11/turn              (no ring)

@: berserking, lethally poisoned (-3 -> -16), slowed
A: horns 2, retaliatory headbutt
a: Renounce Religion, Berserk, Trog's Hand, Brothers in Arms


You were on level 8 of the Dungeon.
You worshipped Trog.
Trog was greatly pleased with you.
You visited 1 branch of the dungeon, and saw 8 of its levels.

You collected 373 gold pieces.

Inventory:

Hand Weapons
 a - a +0 hand axe
 v - a +0 war axe (weapon)
 w - a +2 flail of protection
Missiles
 C - 2 throwing nets (quivered)
Armour
 b - a +0 animal skin
 o - a +0 ring mail
 p - a +0 chain mail (worn)
Jewellery
 y - a ring of positive energy (left hand)
Wands
 B - a wand of iceblast (6)
 E - a wand of charming (6)
Scrolls
 c - 6 scrolls of teleportation
 e - a scroll of amnesia {unknown}
 g - 2 scrolls of blinking {unknown}
 h - 4 scrolls of magic mapping
 i - 2 scrolls of immolation
 k - a scroll of fear {unknown}
 n - 2 scrolls of noise
 r - a scroll of enchant armour {unknown}
 s - a scroll of enchant weapon {unknown}
Potions
 d - a potion of magic {unknown}
 f - 5 potions of brilliance
 j - 2 potions of attraction
 l - 2 potions of curing
 m - a potion of degeneration {unknown}
 q - 2 potions of might
 t - a potion of heal wounds {unknown}
 u - 2 potions of mutation
 x - a potion of haste
 z - a potion of lignification {unknown}
 A - 2 potions of resistance
 D - a potion of flight {unknown}


   Skills:
 + Level 9.3 Fighting
 + Level 9.3 Axes
 + Level 8.9 Armour
 + Level 8.2 Dodging
 + Level 0.4 Evocations


You had 9 spell levels left.
You didn't know any spells.
Your spell library was empty.

Dungeon Overview and Level Annotations

Branches:
Dungeon (8/15)             Temple (0/1) D:6
   Lair: D:8-11

Altars:
Ashenzari
Fedhas
Ru
Sif Muna
Vehumet
Xom
Yredelemnul

Shops:
D:2 *   D:3 *   D:6 *


Innate Abilities, Weirdness & Mutations

You have a pair of horns on your head.
You reflexively headbutt those who attack you in melee.


Message History

You feel as though you will be slow longer.
The hornet stings you.
You feel as though you will be slow longer.
The kobold barely misses you. The hornet stings you.
You feel as though you will be slow longer.
The steam dragon breathes steam at you.
The ball of steam hits the kobold!!
The kobold dies!
The ball of steam misses the kobold.
The ball of steam hits you!
You barely miss the hornet. Your headbutt misses the hornet.
You hit the kobold.
You kill the kobold!
Trog accepts your kill.
You are engulfed in a cloud of scalding steam.
You feel very sick. The hornet stings you!
* * * LOW HITPOINT WARNING * * *
You feel as though you will be slow longer.
You slash the hornet! You headbutt the hornet.
The hornet is moderately wounded.
You are engulfed in a cloud of scalding steam.
You feel very sick.
The hornet stings you but does no damage. x2
The kobold brigand throws a curare-tipped dart.
The curare-tipped dart hits you.
You are more poisoned.
You have difficulty breathing.
* * * LOW HITPOINT WARNING * * *
You feel as though you will be slow longer.
A bullfrog comes into view.
You miss the hornet.
The hornet is moderately wounded.
You are engulfed in a cloud of scalding steam.
* * * LOW HITPOINT WARNING * * *
You feel very sick.
The bullfrog gives a loud, deep croak!
The hornet stings you but does no damage.
The steam dragon breathes steam at you. The ball of steam hits you!
You die...

#...# #...# ##
#...#### .. .D..D...
#?##..... #<# #$
..DF#
#.###.###.##§K#
#........y@§..#
#..####.####..####..
# #..# #.#
#......>.. .# #..#
#.# #.#####.##
#.#####..# #.# #.#
##.......# #.# #.#
#.######.## #.# #.#
.######...###.####.#
)).................#


You could see a hornet and a kobold brigand.

Vanquished Creatures
  Harold (D:7)
  Pikel (D:5)
  Maggie (D:7)
  A steam dragon (D:7)
  Duvessa (D:7)
  An ice beast (D:6)
  2 sky beasts
  4 necrophages
  2 ogres
  A centaur (D:7)
  2 lemures (D:5)
  Blork the orc (D:5)
  2 bullfrogs
  Dowan (D:7)
  A scorpion (D:5)
  3 wights (D:6)
  A centaur zombie (D:6)
  A jelly (D:4)
  3 orc priests
  A gnoll shaman (D:8)
  7 hounds
  2 bullfrog skeletons
  3 iguanas
  3 orc wizards
  A howler monkey skeleton (D:7)
  5 adders
  13 gnolls
  A shadow imp (D:7)
  A white imp (D:6)
  2 ufetubi (D:5)
  A dart slug (D:3)
  30 orcs
  4 ball pythons
  8 endoplasms
  2 giant cockroaches
  4 hobgoblins
  14 jackals
  4 quokkas
  3 bats
  5 frilled lizards
  7 goblins
  11 kobolds
  8 rats
170 creatures vanquished.

Vanquished Creatures (others)
  2 orc wizards
  An orc (D:7)
  A kobold (D:8)
  18 plants
22 creatures vanquished.

Grand Total: 192 creatures vanquished

Notes
Turn   | Place    | Note
-------+----------+-------------------------------------------
     0 | D:1      | dtburroughs the Minotaur Berserker began the quest for the
                  | Orb.
     0 | D:1      | Reached XP level 1. HP: 19/19 MP: 0/0
   165 | D:1      | Reached XP level 2. HP: 7/27 MP: 1/1
   960 | D:1      | Reached ** piety under Trog
  1160 | D:2      | Reached XP level 3. HP: 31/33 MP: 2/2
  1452 | D:2      | Found Kitoc's General Store.
  1503 | D:2      | Found a shimmering altar of Xom.
  1694 | D:2      | Found a faded altar of an unknown god.
  1909 | D:3      | Reached XP level 4. HP: 38/40 MP: 3/3
  2331 | D:3      | Found a basalt altar of Yredelemnul.
  2334 | D:3      | Found a sacrificial altar of Ru.
  2421 | D:3      | Found Fyfami Jien's General Store.
  2437 | D:3      | Reached XP level 5. HP: 46/47 MP: 4/4
  2609 | D:3      | Found a shimmering blue altar of Sif Muna.
  2680 | D:3      | Noticed an ogre
  2686 | D:3      | Killed an ogre
  2687 | D:3      | Reached skill level 5 in Axes
  2703 | D:3      | Reached *** piety under Trog
  2867 | D:3      | Reached skill level 5 in Fighting
  2918 | D:3      | Found a radiant altar of Vehumet.
  2919 | D:3      | Found a broken altar of Ashenzari.
  3060 | D:4      | Reached XP level 6. HP: 56/56 MP: 5/5
  3682 | D:4      | Found a blossoming altar of Fedhas.
  3812 | D:5      | Entered Level 5 of the Dungeon
  3903 | D:5      | Reached skill level 5 in Armour
  3903 | D:5      | Reached XP level 7. HP: 55/62 MP: 6/6
  4343 | D:5      | Reached skill level 5 in Dodging
  4346 | D:5      | Noticed Pikel
  4358 | D:5      | Killed Pikel
  4359 | D:5      | Reached XP level 8. HP: 59/71 MP: 7/7
  4822 | D:5      | Noticed Blork the orc
  4830 | D:5      | Killed Blork the orc
  5604 | D:6      | Found a staircase to the Ecumenical Temple.
  5869 | D:6      | Found Zocveuk's General Store.
  6248 | D:6      | Reached **** piety under Trog
  6414 | D:6      | Reached XP level 9. HP: 54/81 MP: 8/8
  7039 | D:7      | Noticed Harold
  7058 | D:7      | Killed Harold
  7299 | D:7      | Noticed Maggie
  7322 | D:7      | Killed Maggie
  7638 | D:7      | Noticed Duvessa
  7638 | D:7      | Noticed Dowan
  7648 | D:7      | Killed Duvessa
  7668 | D:7      | Killed Dowan
  8245 | D:8      | Reached XP level 10. HP: 84/91 MP: 9/9
  8298 | D:8      | Killed from afar by a steam dragon

Illustrated notes

Levels and vault maps discovered:
D:1:      amcnicky_arrival_blooded_trapdoor, layout_loops_ring, minmay_domino_4
D:2:      layout_rooms, chequers_ecumenical_altar_lobes, serial_shops,
          nicolae_shop_behind_doors, basic_altar
D:3:      layout_rooms, mainiacjoe_overflow_alcove_2, minitemple, serial_shops,
          nicolae_shop_waterfront
D:4:      layout_cave_pools, fedhas_altar_decomposition, glass_columns_c
D:5:      layout_basic, hangedman_decor_riveting, nrook_uturn, minivault_24,
          minmay_misc_feat_encased, kennysheep_generic_room_7,
          uniq_blork_the_orc, uniq_pikel
D:6:      layout_cave_pools, minmay_temple_entry_grid, serial_shops,
          nicolae_shop_stone
D:7:      layout_rooms, uniq_duvessa, uniq_maggie, uniq_harold
D:8:      layout_loops_ring, overflow_temple_1_default

Skill      XL: |  1  2  3  4  5  6  7  8  9 |
---------------+----------------------------+-----
Fighting       | 4 5 6 7 9 |  9.3
Axes           | 4 5 7 9 |  9.3
Armour         | 3 4 5 6 7 8 |  8.9
Dodging        | 3 4 5 6 8 |  8.2
Evocations     | |  0.4

Action                   |  1- 3 |  4- 6 |  7- 9 | 10-12 || total
-------------------------+-------+-------+-------+-------++-------
Melee: Hand axe          |   110 |   115 |       |       ||   225
       Headbutt          |    11 |    24 |    47 |     1 ||    83
       War axe           |       |    16 |   229 |     3 ||   248
Invok: Berserk           |       |     2 |     3 |     1 ||     6
       Trog's Hand       |       |     1 |     3 |       ||     4
  Use: Scroll            |       |     2 |     7 |       ||     9
Armor: Animal skin       |    16 |     6 |       |       ||    22
       Ring mail         |       |     5 |       |       ||     5
       Chain mail        |       |    37 |   123 |     6 ||   166
Dodge: Dodged            |    84 |    76 |   122 |     2 ||   284
